 Dungeon Crawl Stone Soup version 0.30.0-5-g1a98f26d00 (webtiles) character file.

Game seed: 4328702910551341500

8290 Foic the Thaumaturge (level 11, -2/54 HPs)
             Began as a Deep Elf Summoner on May 9, 2023.
             Was a Believer of Sif Muna.
             Slain by a wolf (9 damage)
             ... on level 1 of the Lair of Beasts.
             The game lasted 01:56:49 (10963 turns).

Foic the Thaumaturge (Deep Elf Summoner)           Turns: 10963, Time: 01:56:50

Health: -2/54      AC: 10    Str:  8    XL:     11   Next: 8%
Magic:  27/29      EV: 15    Int: 29    God:    Sif Muna [**....]
Gold:   568        SH:  0    Dex: 15    Spells: 13/34 levels left

rFire   . . .        C - +0 shortbow
rCold   . . .        (shield currently unavailable)
rNeg    + + .        B - +1 leather armour {rN+}
rPois   .            h - +1 hat {Int+3}
rElec   .            w - +0 cloak
rCorr   .            p - +1 pair of gloves
SInv    .            (no boots)
Will    +....        f - amulet of magic regeneration
Stlth   ++++         n - ring of wizardry
HPRegen 0.29/turn    G - ring of positive energy
MPRegen 0.61/turn

%: wizardry (x1)
@: no status effects
A: iridescent scales 1, clever 1, strong 1
a: Renounce Religion, Channel Magic


You were on level 1 of the Lair of Beasts.
You worshipped Sif Muna.
Sif Muna was pleased with you.
You visited 3 branches of the dungeon, and saw 11 of its levels.
You also visited: Sewer.

You collected 568 gold pieces.

Inventory:

Hand Weapons
 o - a +4 dagger of freezing
 C - a +0 shortbow (weapon)
 M - a +2 antimagic dagger
Missiles
 d - 106 stones
 g - 39 poisoned darts
 z - 3 throwing nets
 A - 2 atropa-tipped darts
 K - 2 curare-tipped darts
Armour
 a - a +0 robe
 h - a +1 hat of intelligence (worn)
 p - a +1 pair of gloves (worn)
 w - a +0 cloak (worn)
 x - a +4 scale mail
 B - a +1 leather armour of positive energy (worn)
 F - +0 acid dragon scales
Magical Staves
 H - a staff of earth
Jewellery
 f - an amulet of magic regeneration (around neck)
 n - a ring of wizardry (left hand)
 G - a ring of positive energy (right hand)
Wands
 c - a wand of mindburst (42)
 s - a wand of flame (21)
 E - a wand of paralysis (13)
Scrolls
 i - 5 scrolls of vulnerability {unknown}
 k - a scroll of brand weapon {unknown}
 m - 9 scrolls of identify {unknown}
 q - a scroll of blinking {unknown}
 r - 2 scrolls of noise {unknown}
 v - 5 scrolls of magic mapping {unknown}
 y - 2 scrolls of fog {unknown}
 I - 3 scrolls of summoning {unknown}
 J - a scroll of enchant armour {unknown}
 L - a scroll of poison {unknown}
 N - a scroll of amnesia {unknown}
 P - a scroll of torment {unknown}
Potions
 b - 4 potions of magic
 j - a potion of lignification {unknown}
 l - 4 potions of might
 t - 2 potions of mutation
 u - 5 potions of resistance
 D - a potion of attraction {unknown}
 O - a potion of flight


   Skills:
 + Level 8.5 Dodging
 + Level 9.2 Stealth
 * Level 12.4 Spellcasting
 - Level 3.0 Hexes
 * Level 11.1 Summonings
 - Level 4.2 Translocations
 + Level 2.4 Invocations
 - Level 1.3 Evocations


You had 13 spell levels left.
You knew the following spells:

 Your Spells              Type           Power      Damage    Failure   Level
a - Summon Small Mammal   Summ           100%       N/A       1%          1
b - Call Imp              Summ           100%       N/A       1%          2
c - Call Canine Familiar  Summ           70%        N/A       1%          3
d - Teleport Other        Tloc           42%        N/A       1%          3
e - Summon Hydra          Summ           35%        N/A       16%         7
f - Summon Guardian Gole  Hex/Summ       56%        N/A       1%          3
g - Ensorcelled Hibernat  Hex/Ice        52%        N/A       1%          2

Your spell library contained the following spells:

 Spells                   Type           Power      Damage    Failure   Level
 Gell's Gravitas          Tloc           42%        N/A       1%          3
 Summon Lightning Spire   Summ/Air       50%        N/A       1%          4
 Passwall                 Tmut/Erth      15%        N/A       2%          2
 Sublimation of Blood     Necr           18%        N/A       2%          2
 Wereblood                Tmut           18%        N/A       2%          2
 Passage of Golubria      Tloc           42%        N/A       3%          4
 Swiftness                Air            18%        N/A       5%          3
 Silence                  Hex/Air        13%        N/A       26%         5
 Dispersal                Tloc           21%        N/A       41%         6
 Lehudib's Crystal Spear  Conj/Erth      9%         10d4      100%        8


Dungeon Overview and Level Annotations

Branches:
Dungeon (9/15)             Temple (1/1) D:7            Lair (1/5) D:8
  Sewer (visited)
    Orc: D:9-12

Altars:
Ashenzari
Cheibriados
Dithmenos
Elyvilon
Fedhas
Gozag
Hepliaklqana
Kikubaaqudgha
Makhleb
Nemelex Xobeh
Okawaru
Qazlal
Ru
Sif Muna
Trog
Uskayaw
Vehumet
Wu Jian
Xom
Yredelemnul
Zin
The Shining One

Shops:
D:3 !:   D:4 :[


Innate Abilities, Weirdness & Mutations

You are partially covered in iridescent scales. (AC +2)
Your mind is acute. (Int +4, Str/Dex -1)
Your muscles are strong. (Str +4, Int/Dex -1)


Message History

The blink frog blinks!
The blink frog closely misses your warg.
Your warg bites the blink frog!!
The blink frog dies!
Sif Muna accepts your kill. The blink frog hits you!
The blink frog blinks!
Your life force feels restored.
The blink frog hits you. x2; The blink frog blinks!
The blink frog blinks!
Your warg closely misses the blink frog.
The blink frog blinks! x2
The blink frog hits you but does no damage.
The blink frog attacks as you move away!
The blink frog misses you. The blink frog hits your cerulean imp!
Your cerulean imp dies!
Your cerulean imp disappears in a puff of smoke!
The blink frog blinks!
Your warg barely misses the blink frog.
The blink frog barely misses you.
The blink frog blinks! x2
The blink frog blinks!
The blink frog attacks as you move away!
The blink frog closely misses you.
The blink frog blinks!
The blink frog hits your warg!!
Your warg dies!
Your warg's corpse disappears in a puff of smoke!
The blink frog misses you. The blink frog hits you!
The blink frog attacks as you move away!
The blink frog hits you.
* * * LOW HITPOINT WARNING * * *
Casting: Call Imp (safe; 1% risk of failure)
Confirm with . or Enter, or press ? or * to list all spells.
Aiming: Teleport Other (safe; 1% risk of failure)
Press: ? - help, Shift-Dir - straight line, f - wolf
Aim: a wolf (chance to affect: 76%)
The wolf barely resists.
The wolf misses you.
The blink frog blinks! x2
The wolf bites you!
* * * LOW HITPOINT WARNING * * *
The wolf attacks as you move away! The wolf bites you!
You die...

## ### ############## ##.###
#####.###.#.F....#...## #.....
P#.#..................### #.....
.......................P# #.....
.....###.........ยง.....# #.....
.######.##P.....@h...#.######....
..# ##############F#.#.........
..# ########............. .##
#...F.....F...>...... ##
#..P...P##.#......... #
##.#.......F#........
....#######.......##. #..
##......##. ... #.........


You could see 2 blink frogs and a wolf.

Vanquished Creatures
  A bat (D:3)
  A rat (D:3)
2 creatures vanquished.

Vanquished Creatures (collateral kills)
  2 nameless horrors
  Pikel (D:6)
  Maurice (D:8)
  Maggie (D:6)
  2 komodo dragons (Lair:1)
  A blink frog (Lair:1)
  Prince Ribbit (D:7)
  A basilisk (Lair:1)
  4 yaks (D:7)
  A steam dragon (D:8)
  2 wargs (D:8)
  An acid dragon (D:8)
  Duvessa (D:5)
  4 water moccasins (Lair:1)
  3 ice beasts
  An orc warrior (D:8)
  2 sky beasts (D:6)
  2 black bears
  5 centaurs
  2 ogres
  3 lemures (D:6)
  5 kobold brigands
  A phantom (D:4)
  Blork the orc (D:6)
  4 bullfrogs
  5 scorpions
  5 wights
  Dowan (D:5)
  4 killer bees (D:8)
  5 howler monkeys (D:7)
  2 hounds (D:4)
  Crazy Yiuf (D:3)
  2 jellies
  8 orc priests
  2 gnoll boudas
  5 iguanas
  8 hell rats (Lair:1)
  Natasha (thrice) (D:2)
  4 orc wizards
  20 gnolls
  13 adders
  3 river rats (Sewer)
  8 white imps
  An ufetubus (D:5)
  2 worms
  4 dart slugs
  26 orcs
  2 bats
  10 endoplasms
  4 giant cockroaches
  3 goblins
  7 hobgoblins
  9 jackals
  6 quokkas
  9 ball pythons
  4 frilled lizards
  32 kobolds
  11 rats
281 creatures vanquished.

Vanquished Creatures (others)
  A killer bee (D:8)
  4 hell rats (Lair:1)
5 creatures vanquished.

Grand Total: 288 creatures vanquished

Notes
Turn   | Place    | Note
-------+----------+-------------------------------------------
     0 | D:1      | Foic the Deep Elf Summoner began the quest for the Orb.
     0 | D:1      | Reached XP level 1. HP: 10/10 MP: 6/6
   163 | D:1      | Reached XP level 2. HP: 15/15 MP: 4/8
   214 | D:1      | Learned a level 2 spell: Call Imp
   405 | D:1      | Found a faded altar of an unknown god.
   486 | D:1      | Reached XP level 3. HP: 19/19 MP: 5/10
   579 | D:1      | Learned a level 3 spell: Call Canine Familiar
  1157 | D:2      | Reached skill level 4 in Spellcasting
  1259 | D:2      | Noticed Natasha
  1270 | D:2      | Killed Natasha
  1271 | D:2      | Reached skill level 5 in Summonings
  1271 | D:2      | Reached XP level 4. HP: 24/24 MP: 10/12
  1329 | D:2      | Noticed Natasha
  1340 | D:2      | Killed Natasha
  1393 | D:2      | Noticed Natasha
  1408 | D:2      | Killed Natasha
  1409 | D:2      | Reached XP level 5. HP: 24/28 MP: 5/14
  1625 | D:2      | Reached skill level 5 in Spellcasting
  1841 | D:3      | Found Gijuk's Distillery.
  1887 | D:3      | Found Nilaocw's Book Emporium.
  1937 | D:3      | Found a glowing drain.
  2011 | Sewer    | Entered a sewer
  2363 | Sewer    | Reached skill level 1 in Translocations
  2363 | Sewer    | Reached XP level 6. HP: 16/32 MP: 11/16
  2529 | Sewer    | Gained mutation: Your mind is acute. (Int +4, Str/Dex -1)
                  | [potion of mutation]
  2529 | Sewer    | Gained mutation: Your muscles are strong. (Str +4, Int/Dex
                  | -1) [potion of mutation]
  2529 | Sewer    | Gained mutation: You are partially covered in iridescent
                  | scales. (AC +2) [potion of mutation]
  3108 | D:3      | Found a runed translucent door.
  3109 | D:3      | Noticed Crazy Yiuf
  3120 | D:3      | Killed Crazy Yiuf
  3121 | D:3      | Reached skill level 6 in Spellcasting
  3378 | D:3      | Noticed an ice beast
  3406 | D:3      | Killed an ice beast
  3407 | D:3      | Reached XP level 7. HP: 36/36 MP: 10/18
  3428 | D:3      | Found a stormy altar of Qazlal.
  3610 | D:4      | Found Neugic's Tremendous Tomes.
  3711 | D:4      | Found Ovodeba's Antique Armour Shop.
  4168 | D:4      | Reached skill level 7 in Spellcasting
  4630 | D:5      | Entered Level 5 of the Dungeon
  4665 | D:5      | Reached skill level 5 in Stealth
  4740 | D:5      | Reached XP level 8. HP: 41/41 MP: 16/20
  4745 | D:5      | Learned a level 3 spell: Teleport Other
  4763 | D:5      | Reached skill level 5 in Dodging
  4935 | D:5      | Noticed Duvessa
  4936 | D:5      | Noticed Dowan
  4947 | D:5      | Killed Duvessa
  4953 | D:5      | Killed Dowan
  5217 | D:5      | Reached skill level 8 in Spellcasting
  6088 | D:5      | Found a sacrificial altar of Ru.
  6218 | D:6      | Reached XP level 9. HP: 45/45 MP: 23/23
  6362 | D:6      | Noticed Maggie
  6604 | D:5      | Reached skill level 9 in Spellcasting
  6903 | D:6      | Noticed Pikel
  6945 | D:6      | Killed Pikel
  7105 | D:6      | Noticed Blork the orc
  7122 | D:6      | Killed Blork the orc
  7131 | D:6      | Learned a level 7 spell: Summon Hydra
  7233 | D:6      | Killed Maggie
  7234 | D:6      | Reached skill level 10 in Spellcasting
  7423 | D:7      | Noticed Prince Ribbit
  7564 | D:7      | Killed Prince Ribbit
  7587 | D:7      | Reached skill level 1 in Evocations
  7600 | D:7      | Reached XP level 10. HP: 50/50 MP: 17/26
  7711 | D:7      | Reached skill level 11 in Spellcasting
  7728 | D:7      | Found a blossoming altar of Fedhas.
  7728 | D:7      | Found a sparkling altar of Nemelex Xobeh.
  7729 | D:7      | Found a glowing golden altar of the Shining One.
  7967 | D:7      | Reached skill level 10 in Summonings
  8054 | D:7      | Found a staircase to the Ecumenical Temple.
  8063 | Temple   | Entered the Ecumenical Temple
  8149 | Temple   | Became a worshipper of Sif Muna the Loreminder
  8349 | D:7      | Found a broken altar of Ashenzari.
  8643 | D:8      | Learned a level 3 spell: Summon Guardian Golem
  8861 | D:8      | Noticed Maurice
  8875 | D:8      | Killed Maurice
  8876 | D:8      | Reached skill level 1 in Hexes
  8928 | D:8      | Noticed a nameless horror
  8963 | D:8      | Killed a nameless horror
  8991 | D:8      | Reached * piety under Sif Muna
  9412 | D:8      | Found a staircase to the Lair.
  9569 | D:8      | Reached skill level 1 in Invocations
 10112 | D:9      | Noticed a nameless horror
 10120 | D:9      | Killed a nameless horror
 10196 | D:8      | Reached ** piety under Sif Muna
 10346 | Lair:1   | Entered Level 1 of the Lair of Beasts
 10405 | Lair:1   | Reached skill level 12 in Spellcasting
 10444 | Lair:1   | Learned a level 2 spell: Ensorcelled Hibernation
 10662 | Lair:1   | Noticed a cane toad
 10833 | Lair:1   | Reached XP level 11. HP: 54/54 MP: 27/29
 10963 | Lair:1   | Slain by a wolf

Illustrated notes

Levels and vault maps discovered:
D:1:      lemuel_arrival_muddy, layout_rooms,
          shapermc_ecumenical_altar_acropolis, chequers_serial_rivers_micro_a,
          minmay_box_of_dots
D:2:      layout_basic, uniq_natasha
D:3:      layout_rooms, marbit_many_paths, portal_sewer_entry_a, serial_shops,
          nicolae_book_shop_shelving, shop, chequers_garden,
          uniq_crazy_yiuf_cottage
D:4:      layout_cave_pods, serial_forest, infiniplex_forest_clump_medium,
          infiniplex_forest_lined_3_way, infiniplex_forest_lined_corner,
          infiniplex_forest_clump_curved, infiniplex_forest_clump_C,
          infiniplex_forest_straight_1, serial_shops, nicolae_shop_behind_doors,
          nicolae_shop_i_like_big_books
D:5:      minmay_clustersquares, layout_basic, kennysheep_mini_moat,
          uniq_duvessa
D:6:      layout_loops_cross, nrook_mini_vaults, uniq_blork_the_orc, uniq_pikel,
          uniq_maggie
D:7:      layout_loops_cross, overflow_temple_1_default,
          gammafunk_temple_overflow_claw, minmay_temple_entry_poolview,
          uniq_prince_ribbit1
D:8:      layout_basic, erik_lair_orcish_takeover, uniq_maurice
D:9:      layout_rooms, minmay_orc_entry_temple_large, serial_shops,
          nicolae_shop_industrial_runoff
Temple:   eino_temple_scatter_basement
Lair:1:   beast_lair_carwin_large_2, layout_gridlike, basic_altar,
          chequers_serial_rivers_small_b, grunt_megastairs_1

Skill      XL: |  1  2  3  4  5  6  7  8  9 10 |
---------------+-------------------------------+-----
Dodging        | 3 4 5 7 8 |  8.5
Spellcasting   | 4 5 6 7 8 10 12 | 12.4
Stealth        | 3 4 5 6 7 9 |  9.2
Summonings     | 5 6 7 8 9 11 | 11.1
Translocations | 1 2 4 |  4.2
Evocations     | 1 |  1.3
Hexes          | 3 |  3.0
Invocations    | 2 |  2.4

Action                     |  1- 3 |  4- 6 |  7- 9 | 10-12 || total
---------------------------+-------+-------+-------+-------++-------
  Melee: Unarmed           |     2 |       |       |       ||     2
         Dagger            |       |       |     1 |       ||     1
   Fire: Sling             |       |     6 |     2 |       ||     8
         Shortbow          |       |       |     3 |     1 ||     4
   Cast: Summon Small Mamm |    43 |    33 |   133 |   110 ||   319
         Call Imp          |    11 |    17 |    43 |    31 ||   102
         Call Canine Famil |     3 |    20 |    40 |    34 ||    97
         Teleport Other    |       |       |     4 |     8 ||    12
         Summon Hydra      |       |       |     2 |     2 ||     4
         Summon Guardian G |       |       |       |    40 ||    40
         Ensorcelled Hiber |       |       |       |     1 ||     1
    Use: Potion            |     4 |     5 |     2 |       ||    11
         Scroll            |       |       |       |     2 ||     2
 Armour: Robe              |     2 |       |       |       ||     2
         Leather armour    |       |     3 |    11 |    18 ||    32
  Dodge: Dodged            |     7 |     4 |    42 |    60 ||   113
